 Dungeon Sprint DCSS version 0.30.1-3-gfc49f6343a (webtiles) character file.

Game seed: 1190288452674050312

18900000 Groucho the Axe Maniac (level 27, -2/228 HPs)
             Began as a Djinni Warper on July 23, 2023.
             Was the Champion of Makhleb.
             Killed by divine providence
             ... invoked by an observer
              (14 damage)
             ... in the Dungeon (Sprint VIII: "Arena of Blood").
             The game lasted 00:08:47 (189 turns).

Groucho the Axe Maniac (Djinni Warper)               Turns: 189, Time: 00:08:48

Health: -2/228     AC:  6    Str: 10    XL:     27
Gold:   0          EV: 30    Int: 23    God:    Makhleb [******] SH:  0 Dex: 19

rFire   + + .        i - +∞ Axe of Woe
rCold   x . .        (shield currently unavailable)
rNeg    . . .        b - +0 leather armour
rPois   ∞            (no helmet)
rElec   .            (no cloak)
rCorr   .            (no gloves)
SInv    +            (boots unavailable)
Will    ++...        (no amulet)
Stlth   +++          j - ring of see invisible
HPRegen 0.58/turn    (no ring)
MPRegen 0.00/turn

%: no teleportation, infuse magic (-3 HP)
@: flying, slowed, very slow
A: sickness immunity, fire resistance 2, cold vulnerability 1, float, innate
caster, HP casting, extra vitality 1
0: Orb of Zot
a: Renounce Religion, Minor Destruction, Lesser Servant of Makhleb, Major
Destruction, Greater Servant of Makhleb


You were in the Dungeon.
You worshipped Makhleb.
Makhleb was exalted by your worship.
You visited 1 branch

Inventory:

Hand Weapons
 a - a +0 hand axe
 i - the +∞ Axe of Woe (weapon)
   (You found it in the Dungeon)
 v - a +9 great mace
Missiles
 d - 7 boomerangs of dispersal
Armour
 b - a +0 leather armour (worn)
Jewellery
 g - a +400 ring of slaying
 j - a ring of see invisible (left hand)
 k - a +200 ring of slaying
 l - a +250 ring of slaying
 m - a +250 ring of slaying
 n - a +200 ring of slaying
 o - a +200 ring of slaying
 p - a +250 ring of slaying
 q - a +200 ring of slaying
 r - a +100 ring of slaying
 s - a +200 ring of slaying
 t - a +250 ring of slaying
 u - a +400 ring of slaying
 w - a +400 ring of slaying
 x - a +400 ring of slaying
Scrolls
 c - 2 scrolls of blinking
Potions
 e - a potion of curing
 f - a potion of heal wounds
 h - a potion of berserk rage


   Skills:
 O Level 27 Fighting
 O Level 27 Short Blades
 O Level 27 Long Blades
 O Level 27 Axes
 O Level 27 Maces & Flails
 O Level 27 Polearms
 O Level 27 Staves
 O Level 27 Ranged Weapons
 O Level 27 Throwing
 O Level 27 Armour
 O Level 27 Dodging
 O Level 27 Stealth
 O Level 27 Shields
 O Level 27 Unarmed Combat
 O Level 27 Spellcasting
 O Level 27 Invocations
 O Level 27 Evocations


You knew the following spells:

 Your Spells              Type           Power      Damage    Failure   Level
a - Blink                 Tloc           100%       N/A       0%          2
b - Lesser Beckoning      Tloc           100%       N/A       0%          2
c - Vhi's Electric Charg  Tloc/Air       100%       N/A       0%          3
d - Teleport Other        Tloc           100%       N/A       0%          3
e - Manifold Assault      Tloc           100%       N/A       0%          4
f - Sandblast             Erth           100%       2d20      0%          1
g - Searing Ray           Conj           100%       2d8       0%          2
h - Passwall              Tmut/Erth      84%        N/A       0%          2
i - Iskenderun's Mystic   Conj/Tloc      100%       2d19      0%          4
j - Animate Armour        Summ/Erth      100%       N/A       0%          4
k - Yara's Violent Unrav  Hex/Tmut       50%        3d19      0%          5
l - Conjure Ball Lightni  Conj/Air       50%        3x3d17    0%          6
m - Malign Gateway        Summ/Tloc      50%        N/A       0%          7
n - Dispersal             Tloc           50%        N/A       0%          6
o - Monstrous Menagerie   Summ           50%        N/A       0%          7
p - Lehudib's Crystal Sp  Conj/Erth      50%        10d12     1%          8
q - Borgnjor's Revivific  Necr           50%        N/A       1%          8
r - Dragon's Call         Summ           50%        N/A       1%          9
Your spell library was empty.

Dungeon Overview and Level Annotations

Branches:
Dungeon (1/1)

Altars:
Makhleb


Innate Abilities, Weirdness & Mutations

You are immune to sickness and miasma.
You are immune to poison.
Your flesh is very heat resistant. (rF++)
You are vulnerable to cold. (rC-)
You float through the air rather than walking.
You learn spells naturally, not from books.
Your magical power is your life essence.
You have superior vitality. (+4 MHP)


Message History

A destroyer comes into view. It is wielding a +9 heavy great sword.
The destroyer points at you and mumbles some strange words.
The destroyer blinks!
The eight-headed meat hydra calls on the powers of darkness!
The eight-headed meat hydra convulses!
Your body is wracked with pain!
* * * LOW HITPOINT WARNING * * *
The scourge convulses!
An eight-headed meat hydra comes into view.
The meat beast bites you but does no damage.
The meat beast misses you.
The daeva is engulfed in blazing flames.
The daeva calls down the wrath of the Shining One upon you.
The Shining One smites you!
* * * LOW HITPOINT WARNING * * *
A fleshlord comes into view. It is wielding a +9 great mace.
The angel is engulfed in blazing flames.
The fleshlord gestures wildly while chanting.
The fleshlord seems to speed up.
The dread is engulfed in blazing flames.
A sculptor of flesh comes into view. It is wielding a +9 great sword.
You hear a shout!
The dread calls on the powers of darkness!
The eight-headed meat hydra convulses!
The bag of meat convulses!
Your body is wracked with pain!
* * * LOW HITPOINT WARNING * * *
There is a staircase leading out of the dungeon, spattered with blood here.
Things that are here:
a +9 heavy great sword; a +200 ring of slaying Unknown command.
You slash the meat beast!
You butcher the meat beast messily.
You kill the meat beast!
Makhleb accepts your kill.
You hear a shout!
The destroyer points at you and mumbles some strange words.
The destroyer blinks!
You hear a shout!
A dread comes into view.
The observer gazes at you. Something smites you!
You die... o)

o.§..). ). ).))z #)
..)W# #.. §).# S)
.###)) .))###p)§
.)†)))###)..)W).)
..).§))V).oD....†
... #.))))#)..)).
....#_S@)_#.)))..
..))#.....#)...).
).†WG§._..W)†.....
...W)..###)).W)....
..###.V...W)###.)..
....#...))○A#.).)).
....#p.).)○)#).....
.).))...))A○☼)).S.)
.)))...........)#.


You could see a daeva, an eight-headed meat hydra, 2 destroyers, an observer
(fast, invisible), a scourge, 2 fleshlords, a sculptor of flesh, 5 dreads, 2
wretched souls and a bag of meat.

Vanquished Creatures
  Dispater (D)
  14 hell knights (D)
  Sigmund (D)
  8 hell beasts (D)
  Edmund (D)
  7 royal mummies (D)
  15 great orbs of eyes (D)
  11 wraiths (D)
  17 vampire knights (D)
  58 ogres (D)
  9 two-headed ogres (D)
  12 liches (D)
  20 hydras (D)
  14 phantoms (D)
  99 orcs (D)
  16 skeletal warriors (D)
  11 sea snakes (D)
  A daeva (D)
  3 ball lightnings (D)
318 creatures vanquished.

Vanquished Creatures (others)
  An ogre (D)
  2 orcs (D)
3 creatures vanquished.

Grand Total: 321 creatures vanquished

Notes
Turn   | Place    | Note
-------+----------+-------------------------------------------
     0 | D        | Found the +∞ Axe of Woe
     0 | D        | Groucho the Djinni Warper began the quest for the Orb.
     0 | D        | Groucho set off with the following spells memorised: Blink,
                  | Lesser Beckoning, Vhi's Electric Charge, Teleport Other,
                  | Manifold Assault.
     0 | D        | Reached XP level 1. HP: 18/18 MP: 0/0
     2 | D        | Noticed a bag of meat
     4 | D        | Became a worshipper of Makhleb the Destroyer
     4 | D        | Noticed a bag of meat
     8 | D        | Noticed a bag of meat
     8 | D        | Noticed a bag of meat
     8 | D        | Noticed a bag of meat
     8 | D        | Noticed a bag of meat
     8 | D        | Noticed a bag of meat
     8 | D        | Noticed a bag of meat
     9 | D        | Noticed a large bag of meat
     9 | D        | Noticed a meat berserker
     9 | D        | Noticed a bag of meat
     9 | D        | Noticed a bag of meat
     9 | D        | Noticed a bag of meat
     9 | D        | Noticed a bag of meat
     9 | D        | Noticed a bag of meat
     9 | D        | Noticed a bag of meat
     9 | D        | Noticed a bag of meat
    10 | D        | Noticed a bag of meat
    10 | D        | Noticed a bag of meat
    12 | D        | Killed a bag of meat
    12 | D        | Killed a bag of meat
    12 | D        | Reached * piety under Makhleb
    12 | D        | Noticed a bag of meat
    12 | D        | Noticed a bag of meat
    12 | D        | Noticed a bag of meat
    13 | D        | Reached XP level 2. HP: 23/23 MP: 0/0
    13 | D        | Reached XP level 3. HP: 28/28 MP: 0/0
    13 | D        | Learned a level 1 spell: Sandblast
    13 | D        | Reached XP level 4. HP: 33/33 MP: 0/0
    13 | D        | Reached XP level 5. HP: 38/38 MP: 0/0
    13 | D        | Learned a level 2 spell: Searing Ray
    13 | D        | Reached XP level 6. HP: 43/43 MP: 0/0
    13 | D        | Reached XP level 7. HP: 49/49 MP: 0/0
    13 | D        | Learned a level 2 spell: Passwall
    13 | D        | Reached XP level 8. HP: 54/54 MP: 0/0
    13 | D        | Reached XP level 9. HP: 58/58 MP: 0/0
    13 | D        | Learned a level 4 spell: Iskenderun's Mystic Blast
    13 | D        | Reached XP level 10. HP: 64/64 MP: 0/0
    13 | D        | Reached XP level 11. HP: 68/68 MP: 0/0
    13 | D        | Learned a level 4 spell: Animate Armour
    13 | D        | Reached XP level 12. HP: 74/74 MP: 0/0
    13 | D        | Killed a bag of meat
    13 | D        | Killed a large bag of meat
    13 | D        | Killed a bag of meat
    13 | D        | Reached ** piety under Makhleb
    14 | D        | Reached skill level 15 in Spellcasting
    14 | D        | Reached XP level 13. HP: 65/78 MP: 0/0
    14 | D        | Learned a level 5 spell: Yara's Violent Unravelling
    14 | D        | Reached XP level 14. HP: 71/85 MP: 0/0
    14 | D        | Noticed a meat berserker
    14 | D        | Killed a bag of meat
    14 | D        | Killed a bag of meat
    14 | D        | Killed a bag of meat
    14 | D        | Reached *** piety under Makhleb
    14 | D        | Killed a bag of meat
    14 | D        | Noticed a bag of meat
    15 | D        | Reached XP level 15. HP: 85/89 MP: 0/0
    15 | D        | Learned a level 6 spell: Conjure Ball Lightning
    15 | D        | Killed a meat berserker
    16 | D        | Reached XP level 16. HP: 91/94 MP: 0/0
    16 | D        | Reached **** piety under Makhleb
    17 | D        | Reached skill level 27 in Axes
    17 | D        | Reached ***** piety under Makhleb
    18 | D        | Reached skill level 27 in Dodging
    18 | D        | Reached XP level 17. HP: 96/99 MP: 0/0
    18 | D        | Learned a level 7 spell: Malign Gateway
    18 | D        | Noticed a meat berserker
    19 | D        | Killed a meat berserker
    20 | D        | Reached skill level 27 in Spellcasting
    20 | D        | Reached XP level 18. HP: 116/121 MP: 0/0
    24 | D        | Killed a meat berserker
    24 | D        | Reached ****** piety under Makhleb
    25 | D        | Reached XP level 19. HP: 145/150 MP: 0/0
    25 | D        | Learned a level 6 spell: Dispersal
    25 | D        | Noticed a destroyer
    25 | D        | Killed a destroyer
    27 | D        | Noticed a destroyer
    28 | D        | Noticed a large bag of meat
    28 | D        | Noticed a destroyer
    29 | D        | Noticed a destroyer
    30 | D        | Noticed a sculptor of flesh
    30 | D        | Killed a destroyer
    31 | D        | Reached XP level 20. HP: 170/170 MP: 0/0
    31 | D        | Noticed a destroyer
    31 | D        | Killed a destroyer
    31 | D        | Killed a large bag of meat
    31 | D        | Noticed a meat berserker
    33 | D        | Noticed a destroyer
    33 | D        | Killed a destroyer
    33 | D        | Killed a meat berserker
    33 | D        | Killed a destroyer
    34 | D        | Reached skill level 27 in Fighting
    34 | D        | Reached skill level 27 in Armour
    34 | D        | Reached skill level 27 in Stealth
    34 | D        | Reached XP level 21. HP: 187/187 MP: 0/0
    34 | D        | Learned a level 7 spell: Monstrous Menagerie
    35 | D        | Noticed a meat berserker
    36 | D        | Reached skill level 27 in Invocations
    36 | D        | Reached skill level 1 in Throwing
    36 | D        | Reached XP level 22. HP: 194/194 MP: 0/0
    37 | D        | Noticed a destroyer
    37 | D        | Noticed a meat berserker
    39 | D        | Killed a meat berserker
    39 | D        | Killed a destroyer
    40 | D        | Killed a meat berserker
    41 | D        | Reached skill level 10 in Short Blades
    41 | D        | Reached skill level 10 in Long Blades
    41 | D        | Reached skill level 10 in Staves
    41 | D        | Reached XP level 23. HP: 201/201 MP: 0/0
    41 | D        | Learned a level 8 spell: Lehudib's Crystal Spear
    42 | D        | Noticed a destroyer
    48 | D        | Reached skill level 10 in Maces & Flails
    48 | D        | Reached skill level 10 in Polearms
    48 | D        | Reached skill level 10 in Ranged Weapons
    48 | D        | Reached skill level 10 in Throwing
    48 | D        | Noticed a tyrant
    49 | D        | Killed a tyrant
    51 | D        | Noticed a destroyer
    54 | D        | Killed a destroyer
    54 | D        | Noticed a large bag of meat
    55 | D        | Reached skill level 15 in Short Blades
    55 | D        | Reached skill level 15 in Long Blades
    55 | D        | Reached skill level 15 in Staves
    55 | D        | Reached XP level 24. HP: 208/208 MP: 0/0
    55 | D        | Noticed an accursed
    55 | D        | Killed an accursed
    56 | D        | Reached skill level 15 in Maces & Flails
    56 | D        | Reached skill level 15 in Polearms
    56 | D        | Reached skill level 15 in Ranged Weapons
    56 | D        | Reached skill level 15 in Throwing
    56 | D        | Noticed a tyrant
    56 | D        | Killed a tyrant
    56 | D        | Killed a large bag of meat
    56 | D        | Killed a destroyer
    56 | D        | Noticed an accursed
    57 | D        | Reached XP level 25. HP: 214/214 MP: 0/0
    57 | D        | Learned a level 8 spell: Borgnjor's Revivification
    57 | D        | Killed an accursed
    57 | D        | Noticed a tyrant
    58 | D        | Reached XP level 26. HP: 204/221 MP: 0/0
    61 | D        | Killed a tyrant
    61 | D        | Noticed an accursed
    62 | D        | Noticed a destroyer
    63 | D        | Reached XP level 27. HP: 228/228 MP: 0/0
    63 | D        | Learned a level 9 spell: Dragon's Call
    66 | D        | Noticed a meat beast
    67 | D        | Killed a destroyer
    67 | D        | Killed a meat beast
    67 | D        | Noticed a meat beast
    68 | D        | Reached skill level 27 in Shields
    68 | D        | Reached skill level 27 in Unarmed Combat
    68 | D        | Reached skill level 27 in Evocations
    68 | D        | Killed an accursed
    68 | D        | Killed a meat beast
    69 | D        | Reached skill level 27 in Short Blades
    69 | D        | Reached skill level 27 in Long Blades
    69 | D        | Reached skill level 27 in Maces & Flails
    69 | D        | Reached skill level 27 in Polearms
    69 | D        | Reached skill level 27 in Staves
    69 | D        | Reached skill level 27 in Ranged Weapons
    69 | D        | Reached skill level 27 in Throwing
    70 | D        | Noticed a meat beast
    72 | D        | Killed a meat beast
    91 | D        | Noticed a tyrant
    92 | D        | Killed a tyrant
    93 | D        | Noticed a tyrant
    94 | D        | Noticed a tyrant
    95 | D        | Killed a tyrant
    95 | D        | Killed a tyrant
    99 | D        | Noticed The Defiler
    99 | D        | Killed The Defiler
   101 | D        | Noticed a large bag of meat
   102 | D        | Noticed an accursed
   102 | D        | Killed an accursed
   102 | D        | Killed a large bag of meat
   104 | D        | Noticed a dread
   104 | D        | Killed a dread
   107 | D        | Noticed an accursed
   108 | D        | Killed an accursed
   109 | D        | Noticed a dread
   109 | D        | Killed a dread
   113 | D        | Killed a destroyer
   117 | D        | Noticed a tyrant
   117 | D        | Noticed a meat beast
   117 | D        | Noticed a dread
   119 | D        | Noticed a fleshlord
   119 | D        | Killed a fleshlord
   119 | D        | Killed a dread
   120 | D        | Killed a tyrant
   120 | D        | Noticed a meat beast
   121 | D        | Noticed a fleshlord
   121 | D        | Noticed a tyrant
   122 | D        | Killed a meat beast
   122 | D        | Killed a tyrant
   122 | D        | Noticed a tyrant
   123 | D        | Noticed a fleshlord
   124 | D        | Killed a tyrant
   125 | D        | Killed a fleshlord
   125 | D        | Noticed a fleshlord
   126 | D        | Killed a fleshlord
   126 | D        | Killed a fleshlord
   134 | D        | Noticed a tyrant
   135 | D        | Noticed a fleshlord
   136 | D        | Noticed a large bag of meat
   136 | D        | Killed a tyrant
   137 | D        | Killed a large bag of meat
   140 | D        | Noticed a fleshlord
   141 | D        | Killed a fleshlord
   141 | D        | Noticed a dread
   141 | D        | Noticed a dread
   143 | D        | Noticed a dread
   144 | D        | Killed a dread
   144 | D        | Killed a fleshlord
   145 | D        | Killed a dread
   147 | D        | Noticed a large bag of meat
   147 | D        | Noticed a large bag of meat
   147 | D        | Noticed a fleshlord
   151 | D        | Noticed a fleshlord
   151 | D        | Killed a fleshlord
   152 | D        | Killed a dread
   152 | D        | Noticed a dread
   154 | D        | Noticed a dread
   154 | D        | Killed a large bag of meat
   155 | D        | Killed a dread
   155 | D        | Killed a dread
   156 | D        | Killed a large bag of meat
   158 | D        | Killed a fleshlord
   158 | D        | Noticed an accursed
   158 | D        | Noticed a large bag of meat
   159 | D        | Killed an accursed
   159 | D        | Killed a large bag of meat
   159 | D        | Noticed a destroyer
   161 | D        | Killed a destroyer
   161 | D        | Noticed a tyrant
   162 | D        | Killed a tyrant
   162 | D        | Noticed a destroyer
   163 | D        | Killed a destroyer
   166 | D        | Noticed a destroyer
   166 | D        | Noticed The Meatlord
   166 | D        | Noticed a meat beast
   168 | D        | Killed a destroyer
   168 | D        | Noticed a meat beast
   168 | D        | Noticed a destroyer
   168 | D        | Noticed a destroyer
   169 | D        | Killed a meat beast
   169 | D        | Killed a destroyer
   169 | D        | Killed a meat beast
   170 | D        | Killed The Meatlord
   170 | D        | Noticed a meat beast
   170 | D        | Noticed a fleshlord
   171 | D        | Killed a fleshlord
   171 | D        | Noticed a destroyer
   171 | D        | Noticed a large bag of meat
   172 | D        | Killed a destroyer
   172 | D        | Killed a destroyer
   172 | D        | Noticed a fleshlord
   172 | D        | Noticed a fleshlord
   173 | D        | Killed a large bag of meat
   173 | D        | Killed a meat beast
   173 | D        | Killed a fleshlord
   175 | D        | Noticed a dread
   175 | D        | Noticed a destroyer
   177 | D        | Killed a dread
   177 | D        | Killed a destroyer
   177 | D        | Killed a fleshlord
   177 | D        | Noticed a fleshlord
   178 | D        | Killed a fleshlord
   178 | D        | Noticed an accursed
   178 | D        | Noticed The Captor
   179 | D        | Killed an accursed
   179 | D        | Killed The Captor
   179 | D        | Noticed a fleshlord
   179 | D        | Noticed a fleshlord
   180 | D        | Killed a fleshlord
   180 | D        | Killed a fleshlord
   182 | D        | Noticed a dread
   182 | D        | Noticed a tyrant
   183 | D        | Killed a dread
   183 | D        | Killed a tyrant
   186 | D        | Noticed a dread
   186 | D        | Got the Orb of Zot
   186 | D        | Noticed a dread
   186 | D        | Noticed a destroyer
   186 | D        | Noticed a dread
   186 | D        | Noticed a dread
   187 | D        | Noticed a seraph
   187 | D        | Killed a dread
   187 | D        | Noticed a destroyer
   188 | D        | Noticed a dread
   188 | D        | Noticed a fleshlord
   188 | D        | Noticed a destroyer
   188 | D        | Noticed a fleshlord
   188 | D        | HP: 11/228 [??? (8)]
   189 | D        | Killed a meat beast
   189 | D        | Noticed a dread
   189 | D        | Killed from afar by an observer

Illustrated notes

Levels and vault maps discovered:
D:        meatsprint

Skill      XL: |  1  2  3  4  5  6  7  8  9 10 11 12 13 14 15 16 17 18 19 20 21 22 23 24 25 26 27 |
---------------+----------------------------------------------------------------------------------+-----
Axes           | 17 22 25 26 27 | 27.0
Dodging        | 16 20 23 24 27 | 27.0
Spellcasting   | 12 15 17 18 22 27 | 27.0
Fighting       | 8 18 23 27 | 27.0
Armour         | 8 18 22 27 | 27.0
Stealth        | 7 16 21 27 | 27.0
Invocations    | 23 27 | 27.0
Throwing       | 1 9 14 17 19 21 27 | 27.0
Short Blades   | 10 15 18 20 22 27 | 27.0
Long Blades    | 10 15 18 20 22 27 | 27.0
Maces & Flails | 9 14 17 19 21 27 | 27.0
Polearms       | 9 14 17 19 21 27 | 27.0
Staves         | 10 15 18 20 22 27 | 27.0
Ranged Weapons | 9 14 17 19 21 27 | 27.0
Shields        | 11 17 20 22 24 27 | 27.0
Unarmed Combat | 11 17 20 22 24 27 | 27.0
Evocations     | 11 17 20 22 24 27 | 27.0

Action                     |  1- 3 |  4- 6 |  7- 9 | 10-12 | 13-15 | 16-18 | 19-21 | 22-24 | 25-27 || total
---------------------------+-------+-------+-------+-------+-------+-------+-------+-------+-------++-------
  Melee: Executioner's axe |     1 |       |       |     1 |     2 |    10 |    12 |    23 |   256 ||   305
   Cast: Manifold Assault  |       |       |       |       |       |     1 |     4 |     7 |    69 ||    81
    Use: Potion            |       |       |       |       |       |       |       |       |     1 ||     1
 Armour: Leather armour    |       |       |       |       |       |       |       |       |     2 ||     2
  Dodge: Dodged            |     1 |       |       |       |       |       |       |       |     4 ||     5
